 Dungeon Crawl Stone Soup version 0.23-a0-373-g305c090 (webtiles) character file.

3597 tatocazan the Cleaver (level 9, -2/75 HPs)
             Began as a Demonspawn Berserker on Oct 25, 2018.
             Was an Elder of Trog.
             Slain by an elephant (8 damage)
             ... on level 8 of the Dungeon.
             The game lasted 00:10:27 (6445 turns).

tatocazan the Cleaver (Demonspawn Berserker)        Turns: 6445, Time: 00:10:27

Health: -2/75      AC:  5    Str: 18    XL:     9   Next: 85%
Magic:  9/9        EV:  2    Int:  8    God:    Trog [****..]
Gold:   387        SH:  0    Dex: 16    Spells: 8/8 levels left

rFire    . . .     SeeInvis +   z - +0 war axe
rCold    . . .     Gourm    .   y - +0 shield (curse)
rNeg     + + +     Faith    .   j - +0 ring mail
rPois    ∞         Spirit   .   (helmet restricted)
rElec    .         Reflect  .   (no cloak)
rCorr    .         Harm     .   (no gloves)
MR       .....                  (no boots)
Stlth    +.........             (no amulet)
HPRegen  0.22/turn              C - ring of see invisible
MPRegen  0.11/turn              (no ring)

@: petrified
A: horns 1, demonic guardian 1, spiny 1
a: Berserk, Trog's Hand, Brothers in Arms, Renounce Religion


You were on level 8 of the Dungeon.
You worshipped Trog.
Trog was greatly pleased with you.
You were hungry.

You visited 1 branch of the dungeon, and saw 8 of its levels.

You collected 387 gold pieces.

Inventory:

Hand Weapons
 a - a +1 hand axe
 e - a +1 whip of freezing
 z - a +0 war axe (weapon)
Missiles
 D - 2 poisoned javelins (quivered)
Armour
 b - a +0 animal skin
 h - a +1 helmet
 j - a +0 ring mail (worn)
 y - a cursed +0 shield (worn)
Jewellery
 C - a ring of see invisible (left hand)
Wands
 q - a wand of iceblast (7)
 w - a wand of flame (61)
 A - a wand of digging (8)
Scrolls
 f - 2 scrolls of remove curse
 i - a scroll of magic mapping
 m - 3 scrolls of identify
 n - 2 scrolls of teleportation
 o - a scroll of enchant armour
 t - 3 scrolls of immolation
 u - a scroll of fog
 E - a scroll of fear
Potions
 d - 2 potions of heal wounds {unknown}
 g - 4 potions of curing {unknown}
 k - 5 potions of flight
 l - a potion of agility {unknown}
 p - 2 potions of invisibility {unknown}
 r - a potion of berserk rage {unknown}
 s - 2 potions of degeneration {unknown}
 v - a potion of lignification {unknown}
 x - a potion of brilliance {unknown}
 B - a potion of mutation {unknown}
Comestibles
 c - 13 rations


   Skills:
 + Level 8.6 Fighting
 * Level 10.3 Axes
 - Level 3.2 Armour
 - Level 3.1 Dodging


You had 8 spell levels left.
You didn't know any spells.
Your spell library was empty.

Dungeon Overview and Level Annotations

Branches:
Dungeon (8/15)             Temple (0/1) D:6            Lair (0/6) D:8

Altars:
Cheibriados
Fedhas
Hepliaklqana
Okawaru
Qazlal
Ru
Uskayaw
Vehumet

Shops:
D:7 }   D:8 ?

Annotations:
D:5 3 runed doors, kazak's ghost, novice OpFE
D:8 1 runed door


Innate Abilities, Weirdness & Mutations

You have a pair of small horns on your head.
A weak demonic guardian rushes to your aid.
You are partially covered in sharp spines.


Message History

The hippogriff pecks you but does no damage.
The hippogriff claws you.
* * * LOW HITPOINT WARNING * * *
The elephant tramples you!
* * * LOW HITPOINT WARNING * * *
You hold your ground!
The elephant trunk-slaps you.
The hippogriff bites you but does no damage.
The hippogriff pecks you but does no damage.
The hippogriff claws you!
* * * LOW HITPOINT WARNING * * *
The elephant tramples you but does no damage.
The elephant trunk-slaps you but does no damage.
The hippogriff is struck by your spines.
The hippogriff bites you.
* * * LOW HITPOINT WARNING * * *
The hippogriff pecks you.
* * * LOW HITPOINT WARNING * * *
The hippogriff claws you but does no damage.
The elephant tramples you!
You die...

####.............. #.##
######..........(..# #...#
...................##.....
..#####............#....P.
#............#......
#...................
#............5...?...
#...........Y.....>..
#..##.....#@Hl.......
#.).##########t.......
#...# #.#...... #.
#.#....P. #.##..... #.#
#...# #.. ..##


You could see an elephant, a hippogriff, a basilisk, a crocodile and a friendly
shadow imp.

Vanquished Creatures
  Pikel (D:5)
  Grinder (D:4)
  A hippogriff (D:7)
  6 yaks (D:8)
  Edmund (D:4)
  A sky beast (D:7)
  An ice beast (D:5)
  A phantom (D:7)
  2 ogres (D:4)
  3 bullfrogs
  A big kobold (D:7)
  A gnoll sergeant (D:7)
  2 scorpions
  3 wights (D:7)
  A howler monkey (D:7)
  A crimson imp (D:6)
  6 hounds
  A quasit (D:7)
  A bullfrog skeleton (D:7)
  2 centaur skeletons
  4 orc priests
  A jelly (D:6)
  Ijyb (D:4)
  An iguana (D:6)
  4 worker ants
  3 orc wizards
  A worker ant zombie (D:7)
  A howler monkey zombie (D:6)
  3 gnolls (D:7)
  7 adders
  A shadow imp (D:8)
  3 oozes
  An adder zombie (D:8)
  An adder skeleton (D:4)
  2 worms (D:3)
  4 dart slugs
  5 leopard geckos
  15 orcs
  8 bats
  8 giant cockroaches
  11 goblins
  6 hobgoblins
  6 jackals
  11 kobolds
  9 quokkas
  3 frilled lizards
  A jackal zombie (D:7)
  4 rats
162 creatures vanquished.

Vanquished Creatures (collateral kills)
  A hound (D:8)
  A hound skeleton (D:4)
  A howler monkey skeleton (D:4)
  4 orcs
7 creatures vanquished.

Grand Total: 169 creatures vanquished

Notes
Turn   | Place    | Note
-------+----------+-------------------------------------------
     0 | D:1      | tatocazan the Demonspawn Berserker began the quest for the
                  | Orb.
     0 | D:1      | Reached XP level 1. HP: 18/18 MP: 1/1
   233 | D:1      | Gained mutation: You are partially covered in sharp spines.
                  | [demonic ancestry]
   233 | D:1      | Reached XP level 2. HP: 17/24 MP: 2/2
   817 | D:2      | Reached skill level 3 in Axes
   857 | D:2      | Reached ** piety under Trog
   857 | D:2      | Gained mutation: A weak demonic guardian rushes to your
                  | aid. [demonic ancestry]
   857 | D:2      | Reached XP level 3. HP: 29/29 MP: 3/3
   871 | D:2      | Found a snail-covered altar of Cheibriados.
  1035 | D:2      | Found a sacrificial altar of Ru.
  1042 | D:2      | Found a hazy altar of Hepliaklqana.
  1042 | D:2      | Found a radiant altar of Vehumet.
  1295 | D:2      | Reached XP level 4. HP: 35/35 MP: 4/4
  1759 | D:3      | Reached *** piety under Trog
  2080 | D:4      | Noticed Edmund
  2088 | D:4      | Reached XP level 5. HP: 34/42 MP: 5/5
  2090 | D:4      | Killed Edmund
  2188 | D:4      | Noticed Grinder
  2198 | D:4      | Reached XP level 6. HP: 38/48 MP: 6/6
  2201 | D:4      | Reached skill level 4 in Axes
  2224 | D:4      | Killed Grinder
  2309 | D:4      | Noticed Ijyb
  2323 | D:4      | Killed Ijyb
  2342 | D:4      | Reached skill level 5 in Axes
  2401 | D:4      | Reached XP level 7. HP: 55/55 MP: 7/7
  2414 | D:4      | Reached skill level 5 in Fighting
  2939 | D:4      | Found a hide-covered altar of Uskayaw.
  3371 | D:5      | Entered Level 5 of the Dungeon
  3403 | D:5      | Noticed Pikel
  3419 | D:5      | Killed Pikel
  3419 | D:5      | Reached skill level 6 in Axes
  3419 | D:5      | Reached XP level 8. HP: 46/64 MP: 8/8
  3731 | D:5      | Reached skill level 7 in Axes
  4016 | D:5      | Found a runed gate.
  4016 | D:5      | Found a runed gate.
  4016 | D:5      | Found a runed gate.
  4016 | D:5      | Noticed kazak's ghost (novice OpFE)
  4471 | D:5      | Found a stormy altar of Qazlal.
  4598 | D:6      | Reached **** piety under Trog
  4668 | D:6      | Found a blossoming altar of Fedhas.
  4700 | D:6      | Found a staircase to the Ecumenical Temple.
  5001 | D:6      | Found an iron altar of Okawaru.
  5037 | D:6      | Reached skill level 8 in Axes
  5661 | D:7      | Gained mutation: You have a pair of small horns on your
                  | head. [demonic ancestry]
  5661 | D:7      | Reached XP level 9. HP: 70/72 MP: 9/9
  5752 | D:7      | Reached skill level 9 in Axes
  5896 | D:7      | Received a gift from Trog
  5934 | D:7      | Found Onuid's Gadget Shoppe.
  6077 | D:8      | Found Qicocuh's Magic Scroll Boutique.
  6113 | D:8      | Found a runed door.
  6156 | D:8      | Reached skill level 10 in Axes
  6432 | D:8      | Found a staircase to the Lair.
  6432 | D:8      | Noticed an elephant
  6445 | D:8      | Slain by an elephant

Vault maps used:
D:1:      erik_arrival_triangle_small
D:2:      lemuel_doored_altar, minitemple, first_ration,
          minmay_misc_feat_enclosed, minmay_crystal_water
D:3:      hangedman_decor_peaks_small
D:4:      overflow_temple_1_default, uniq_grinder, uniq_edmund, uniq_ijyb
D:5:      kennysheep_mini_moat, ebering_ghost_rock_garden, uniq_pikel
D:6:      fedhas_altar_3, okawaru_gym_becter, minmay_temple_entry_junction_2
D:7:      serial_shops, nicolae_shop_crystal
D:8:      cheibrodos_histonic, david_lair_generic, serial_shops,
          nicolae_shop_stone

Skill      XL: |  1  2  3  4  5  6  7  8  9 |
---------------+----------------------------+-----
Armour         | 2 3 |  3.2
Dodging        | 2 3 |  3.1
Axes           | 3 5 6 8 10 | 10.3
Fighting       | 4 6 7 8 |  8.6

Action                   |  1- 3 |  4- 6 |  7- 9 || total
-------------------------+-------+-------+-------++-------
Melee: Hand axe          |    88 |   103 |    60 ||   251
       War axe           |       |       |   153 ||   153
       Headbutt          |       |       |    18 ||    18
Invok: Berserk           |       |     1 |     4 ||     5
       Trog's Hand       |       |     1 |       ||     1
  Use: Scroll            |       |       |    12 ||    12
 Stab: Distracted        |       |       |     1 ||     1
  Eat: Chunk             |     1 |     2 |    12 ||    15
       Ration            |       |     1 |     1 ||     2
Armor: Animal skin       |     7 |       |       ||     7
       Ring mail         |    32 |    26 |    82 ||   140
Dodge: Dodged            |    56 |    55 |   108 ||   219
Block: Shield            |       |       |    48 ||    48

Table legend:
 A = Non-vault XP
 B = Vault XP
 C = Vault XP percentage of total XP
 D = Non-vault monster count
 E = Vault monster count
 F = Vault count percentage of total count
                 A         B        C        D         E       F
            +---------+---------+-------+---------+---------+-------
      Total |    4200 |     939 |  18.3 |     165 |       4 |   2.4
            +---------+---------+-------+---------+---------+-------
        D:1 |      28 |       0 |   0.0 |      16 |       0 |   0.0
        D:2 |      70 |       0 |   0.0 |      24 |       0 |   0.0
        D:3 |      59 |       0 |   0.0 |      22 |       0 |   0.0
        D:4 |     505 |     402 |  44.3 |      21 |       3 |  12.5
        D:5 |     270 |     537 |  66.5 |      12 |       1 |   7.7
        D:6 |     558 |       0 |   0.0 |      21 |       0 |   0.0
        D:7 |    1353 |       0 |   0.0 |      35 |       0 |   0.0
        D:8 |    1357 |       0 |   0.0 |      14 |       0 |   0.0
            +---------+---------+-------+---------+---------+-------
